Map: Cosmic Sapphire

Players

Zoun - Winner!

  • Race: Protoss Protoss
  • Spawn Location: 5:00

PtitDrogo

  • Race: Protoss Protoss
  • Spawn Location: 11:00

Event: DreamHack SC2 Masters 2022 Atlanta (Offline)

VOD

Have the link to the VOD?

Description

Time

  • Played on: Nov. 18, 2022, 3 p.m.
  • Length: 11:39

All games in this series

Show
View Real Time Build Order
Export as new Build Order

Zoun Protoss - Winner!

Build Orders: Oracle Opening 

Get SALT Encoding   

  12  0:00  Probe  
  13  0:12  Probe  
  14  0:16  Pylon  
  14  0:24  Probe (Chrono Boost)  
  15  0:36  Probe (Chrono Boost)  
  15  0:37  Gateway  
  16  0:44  Probe (Chrono Boost)  
  16  0:47  Assimilator  
  17  0:51  Probe  
  18  0:57  Assimilator  
  18  1:03  Probe (Chrono Boost)  
  19  1:08  Gateway  
  19  1:13  Probe (Chrono Boost)  
  19  1:18  Probe (Chrono Boost)  
  20  1:25  Cybernetics Core  
  21  1:29  Probe  
  22  1:34  Pylon  
  22  1:41  Probe  
  23  1:53  Probe  
  26  2:01  Warp Gate  
  26  2:03  Stalker x2  
  26  2:05  Probe  
  29  2:12  Pylon  
  29  2:23  Shield Battery  
  29  2:28  Stargate  
  29  2:41  Stalker  
  29  2:42  Stalker  
  32  3:03  Nexus  
  32  3:09  Oracle (Chrono Boost)  
  35  3:16  Probe  
  36  3:22  Pylon  
  36  3:35  Probe  
  36  3:38  Twilight Council  
  37  3:50  Probe (Chrono Boost)  
  38  4:01  Probe (Chrono Boost)  
  39  4:06  Probe (Chrono Boost)  
  40  4:11  Sentry, Blink (Chrono Boost)  
  40  4:13  Shield Battery  
  43  4:17  Probe (Chrono Boost)  
  43  4:21  Probe (Chrono Boost)  
  44  4:27  Probe (Chrono Boost)  
  44  4:28  Stalker  
  44  4:30  Probe (Chrono Boost)  
  48  4:32  Probe (Chrono Boost)  
  49  4:40  Probe  
  49  4:44  Probe  
  51  4:47  Gateway x2  
  51  4:48  Sentry  
  51  4:52  Probe, Pylon  
  54  4:56  Stalker  
  56  5:00  Probe  
  56  5:03  Pylon  
  56  5:04  Probe  
  58  5:12  Probe  
  59  5:15  Stalker  
  59  5:18  Probe  
  59  5:20  Stalker  
  64  5:24  Probe  
  65  5:32  Nexus  
  65  5:35  Pylon  
  65  5:42  Assimilator  
  65  5:53  Stalker x4  
  65  5:54  Probe  
  74  5:57  Probe  
  73  6:07  Probe, Forge  
  73  6:09  Probe  
  75  6:17  Shield Battery  
  75  6:19  Robotics Facility, Probe  
  75  6:21  Probe  
  77  6:27  Stalker x2  
  77  6:31  Probe (Chrono Boost)  
  77  6:32  Charge (Chrono Boost)  
  82  6:33  Probe (Chrono Boost)  
  82  6:37  Protoss Ground Weapons Level 1 (Chrono Boost), Pylon  
  83  6:42  Probe (Chrono Boost)  
  83  6:43  Probe (Chrono Boost)  
  83  6:46  Probe (Chrono Boost)  
  85  6:48  Probe  
  85  6:49  Probe  
  88  6:57  Probe  
  88  7:00  Gateway, Probe  
  90  7:01  Gateway x2  
  90  7:05  Gateway  
  90  7:06  Observer  
  91  7:18  Probe  
  91  7:19  Probe x2  
  91  7:22  Nexus  
  94  7:23  Pylon  
  94  7:25  Shield Battery  
  94  7:28  Stalker x2  
  98  7:34  Robotics Bay  
  98  7:39  Stalker  
  98  7:43  Stalker  
  98  7:44  Probe x3  
  105  7:52  Shield Battery  
  105  7:54  Photon Cannon  
  105  7:56  Probe x2  
  107  7:58  Pylon  
  107  8:00  Assimilator  
  107  8:01  Robotics Facility  
  107  8:03  Zealot x3  
  113  8:07  Probe  
  113  8:08  Probe x2  
  116  8:25  Zealot x5  
  124  8:30  Pylon  
  124  8:31  Pylon  
  124  8:32  Disruptor (Chrono Boost), Pylon  
  122  8:35  Protoss Ground Weapons Level 2 (Chrono Boost)  
  122  8:39  Zealot x2  
  122  8:40  Zealot  
  131  8:52  Disruptor (Chrono Boost)  
  131  8:53  Photon Cannon  
  131  8:55  Photon Cannon  
  134  8:57  Disruptor (Chrono Boost)  
  134  8:59  Pylon  
  137  9:07  Stalker  
  137  9:08  Zealot x6  
  147  9:14  Gateway  
  147  9:19  Gateway  
  147  9:24  Disruptor  
  147  9:28  Probe  
  149  9:32  Disruptor  
  152  9:42  Nexus  
  152  9:43  Pylon  
  150  9:49  Zealot x8  
  166  9:54  Probe, Assimilator  
  166  9:55  Probe x2, Assimilator  
  169  10:01  Observer  
  169  10:02  Gravitic Boosters  
  170  10:09  Stalker x4  
  170  10:10  Zealot  
  180  10:16  Pylon  
  180  10:18  Pylon  
  180  10:20  Pylon x2  
  168  10:30  Observer  
  165  10:42  Zealot x6  
  163  10:43  Zealot x2  
  163  10:46  Stalker x2  
  157  10:54  Disruptor  
  157  10:55  Warp Prism  
  147  11:05  Zealot x6  
  147  11:06  Zealot  
  147  11:10  Stalker x2  
  147  11:11  Stalker  
  138  11:28  Zealot, Stalker x4  
  138  11:29  Zealot x2  
Show
View Real Time Build Order
Export as new Build Order

PtitDrogo Protoss 

Build Orders: Phoenix Opening, Blink Stalkers 

Get SALT Encoding   

  12  0:00  Probe  
  13  0:12  Probe  
  14  0:17  Pylon  
  14  0:24  Probe (Chrono Boost)  
  15  0:36  Probe (Chrono Boost)  
  15  0:37  Gateway  
  16  0:45  Probe (Chrono Boost), Assimilator  
  17  0:51  Probe  
  17  0:54  Assimilator  
  18  1:03  Probe (Chrono Boost)  
  19  1:07  Gateway  
  19  1:12  Probe (Chrono Boost)  
  19  1:17  Probe (Chrono Boost)  
  20  1:25  Cybernetics Core  
  21  1:29  Probe  
  22  1:37  Pylon  
  22  1:41  Probe  
  23  1:55  Probe  
  24  2:02  Warp Gate (Chrono Boost)  
  24  2:03  Stalker  
  24  2:08  Sentry  
  28  2:17  Pylon  
  28  2:28  Probe  
  29  2:30  Pylon  
  29  2:33  Stalker  
  31  2:44  Phoenix  
  31  2:47  Nexus  
  31  2:48  Probe  
  32  2:56  Pylon  
  32  2:59  Sentry  
  32  3:00  Probe  
  35  3:09  Sentry  
  37  3:13  Probe  
  38  3:20  Twilight Council  
  38  3:25  Probe  
  39  3:31  Shield Battery  
  39  3:37  Probe  
  39  3:40  Shield Battery  
  40  3:44  Stalker  
  40  3:46  Stalker  
  44  3:50  Probe  
  44  3:52  Blink (Chrono Boost)  
  46  4:03  Probe x2 (Chrono Boost)  
  47  4:15  Probe (Chrono Boost)  
  49  4:20  Probe (Chrono Boost)  
  49  4:22  Stalker  
  49  4:23  Probe (Chrono Boost)  
  49  4:24  Stalker  
  54  4:27  Probe (Chrono Boost)  
  54  4:29  Probe  
  56  4:35  Gateway  
  56  4:39  Probe  
  56  4:41  Pylon  
  56  4:42  Probe  
  58  4:50  Stalker  
  58  4:51  Probe  
  61  4:54  Probe  
  61  4:59  Pylon  
  62  5:03  Probe  
  62  5:06  Nexus  
  63  5:10  Probe  
  63  5:13  Assimilator  
  64  5:15  Probe  
  64  5:21  Stalker x2  
  69  5:25  Probe  
  69  5:27  Probe  
  71  5:34  Shield Battery, Stalker  
  72  5:37  Probe  
  72  5:39  Probe  
  74  5:44  Pylon  
  74  5:46  Pylon  
  74  5:49  Probe  
  75  5:51  Probe  
  75  5:52  Stalker  
  78  6:02  Probe (Chrono Boost), Forge  
  78  6:03  Probe (Chrono Boost)  
  78  6:04  Stalker  
  78  6:05  Stalker  
  82  6:13  Probe (Chrono Boost)  
  82  6:15  Probe (Chrono Boost)  
  82  6:16  Stalker  
  82  6:17  Charge  
  86  6:21  Probe (Chrono Boost)  
  86  6:22  Probe (Chrono Boost)  
  86  6:23  Probe (Chrono Boost)  
  89  6:28  Probe (Chrono Boost), Stalker  
  89  6:30  Protoss Ground Weapons Level 1 (Chrono Boost)  
  89  6:31  Probe x2 (Chrono Boost), Stalker  
  96  6:33  Probe (Chrono Boost)  
  96  6:37  Assimilator  
  97  6:40  Probe  
  97  6:46  Nexus  
  97  6:49  Probe  
  98  6:57  Stalker x3  
  98  6:58  Probe  
  105  7:04  Pylon  
  105  7:11  Gateway x2  
  105  7:12  Gateway  
  105  7:14  Gateway  
  105  7:18  Gateway  
  105  7:25  Stalker x3  
  105  7:28  Probe x3  
  114  7:30  Pylon  
  114  7:40  Probe x2  
  114  7:43  Probe  
  117  7:52  Probe, Stalker x3  
  117  7:53  Probe  
  117  7:56  Pylon  
  117  7:58  Probe  
  126  7:59  Dark Shrine, Pylon  
  126  8:00  Probe  
  126  8:01  Pylon  
  126  8:02  Shield Battery  
  126  8:04  Probe  
  128  8:07  Stalker  
  128  8:08  Stalker x2  
  128  8:10  Stalker  
  136  8:16  Stalker x3  
  142  8:22  Stalker  
  142  8:24  Protoss Ground Weapons Level 2 (Chrono Boost)  
  142  8:33  Gateway  
  138  8:35  Gateway  
  138  8:36  Probe x2  
  138  8:37  Assimilator  
  138  8:38  Photon Cannon  
  138  8:39  Assimilator  
  140  8:41  Photon Cannon  
  140  8:44  Stalker  
  140  8:45  Zealot x3  
  140  8:47  Probe x2  
  150  8:54  Robotics Facility  
  150  8:57  Photon Cannon  
  150  8:58  Probe  
  150  9:00  Stalker x3  
  157  9:09  Stalker x3  
  161  9:21  Assimilator  
  161  9:22  Pylon  
  161  9:23  Zealot  
  163  9:28  Shadow Stride (Chrono Boost)  
  163  9:30  Pylon  
  163  9:31  Pylon  
  163  9:33  Pylon x2  
  163  9:50  Observer (Chrono Boost)  
  164  9:53  Dark Templar x6  
  164  9:55  Zealot x2  
  164  9:56  Zealot x2  
  164  9:58  Gateway  
  184  10:02  Nexus, Gateway  
  184  10:06  Photon Cannon  
  184  10:12  Observer  
  165  10:28  Dark Templar  
  165  10:29  Zealot x7, Dark Templar x2  
  132  10:51  Stalker x6  
  132  10:52  Zealot  
  130  11:05  Stalker x5  
  138  11:16  Zealot x5, Stalker x2  
  113  11:29  Dark Templar x5  
  94  11:37  Zealot x5  
Tags
 
Add a new tag
Caveats
  • Supply blocks, unpowered buildings, or Contaminate may cause inaccurate times.
  • Supply counts are checked every 10 seconds.